 Dungeon Crawl Stone Soup version 0.29-a0-1027-gcd8c55af63 (webtiles) character file.

Game seed: 18398828294071852099

54 GreenGift the Vexing (level 4, -4/26 HPs)
             Began as a Kobold Arcane Marksman on Aug 13, 2022.
             Was an Initiate of Yredelemnul.
             Slain by Crazy Yiuf
             ... wielding a +3 quarterstaff of chaos
              (10 damage)
             ... on level 2 of the Dungeon.
             The game lasted 00:22:59 (2940 turns).

GreenGift the Vexing (Kobold Arcane Marksman)       Turns: 2940, Time: 00:23:00

Health: -4/26      AC:  4    Str:  7    XL:     4   Next: 12%
Magic:  5/6        EV: 14    Int: 14    God:    Yredelemnul [......]
Gold:   51         SH:  0    Dex: 17    Spells: 2/6 levels left

rFire   . . .      SeeInvis .   a - +2 sling
rCold   . . .      Faith    .   (no shield)
rNeg    . . .      Spirit   .   e - +0 leather armour
rPois   .          Reflect  .   h - +0 helmet
rElec   .          Harm     .   (no cloak)
rCorr   .          Rampage  .   (no gloves)
Will    .....                   (no boots)
Stlth   +++.......              (no amulet)
HPRegen 0.08/turn               (no ring)
MPRegen 0.10/turn               (no ring)

@: lethally poisoned (-4 -> -6)
A: small, no large weapons, nightstalker 3
a: Renounce Religion, Recall Undead Harvest


You were on level 2 of the Dungeon.
You worshipped Yredelemnul.
Yredelemnul was noncommittal.
You visited 1 branch of the dungeon, and saw 2 of its levels.

You collected 51 gold pieces.

Inventory:

Hand Weapons
 a - a +2 sling (weapon)
 f - a +1 dagger of freezing
Missiles
 l - 3 poisoned darts
Armour
 c - a +0 robe
 d - a +0 ring mail
 e - a +0 leather armour (worn)
 h - a +0 helmet (worn)
Scrolls
 b - a scroll of poison
 m - a scroll of blinking {unknown}
Potions
 g - a potion of might {unknown}
 i - a potion of attraction {unknown}
 j - a potion of curing {unknown}


   Skills:
 + Level 1.9 Fighting
 * Level 3.3 Ranged Weapons
 + Level 2.9 Dodging
 + Level 1.7 Stealth
 + Level 1.8 Spellcasting
 + Level 3.3 Hexes


You had 2 spell levels left.
You knew the following spells:

 Your Spells              Type           Power      Damage    Failure   Level
a - Slow                  Hex            40%        N/A       10%         1
b - Inner Flame           Hex/Fire       5%         N/A       50%         3

Your spell library contained the following spells:

 Spells                   Type           Power      Damage    Failure   Level
 Portal Projectile        Hex/Tloc       10%        N/A       50%         3
 Cause Fear               Hex            5%         N/A       67%         4


Dungeon Overview and Level Annotations

Branches:
Dungeon (2/15)

Altars:
Yredelemnul

Annotations:
D:2 Crazy Yiuf


Innate Abilities, Weirdness & Mutations

You are small and have problems with some larger weapons.
You are completely attuned to the shadows.


Message History

As you open the door, it creaks loudly!
Crazy Yiuf whimpers, "Trifle!"
Press: ? - help, v - describe, . - travel The floor.
Your +1 dagger of freezing stops glowing.
a - a +2 sling (weapon)
Fire: a) +2 sling
Press: ? - help, Q - select action, (/) - cycle Shift-Dir - straight line, f - Crazy Yiuf
Aim: Crazy Yiuf, wielding a +3 quarterstaff of chaos and wearing a +0 cloak (64% to hit)
You shoot a sling bullet.
The sling bullet hits Crazy Yiuf but does no damage.
Crazy Yiuf yells, "Defame!
Powder turtle koolooloo."
Crazy Yiuf attacks as you move away! Crazy Yiuf closely misses you.
Crazy Yiuf says, "Flower sallow forty-two!"
Crazy Yiuf attacks as you move away!
Crazy Yiuf hits you with a +3 quarterstaff of chaos.
Crazy Yiuf burns you.
Cast which spell? (? or * to list)
Aiming: Slow (safe; 10% risk of failure)
Press: ? - help, Shift-Dir - straight line, f/p - Crazy Yiuf
Aim: Crazy Yiuf, wielding a +3 quarterstaff of chaos and wearing a +0 cloak (chance to affect: 57%) Crazy Yiuf resists with significant effort.
Crazy Yiuf hits you with a +3 quarterstaff of chaos.
You are poisoned.
Crazy Yiuf attacks as you move away! Crazy Yiuf barely misses you.
You feel sick. Crazy Yiuf attacks as you move away!
Crazy Yiuf closely misses you.
You feel sick. Crazy Yiuf attacks as you move away!
Crazy Yiuf completely misses you.
You feel sick.
Fire: a) +2 sling
Press: ? - help, Q - select action, (/) - cycle Shift-Dir - straight line, f/p - Crazy Yiuf
Aim: Crazy Yiuf, wielding a +3 quarterstaff of chaos and wearing a +0 cloak (64% to hit)
You shoot a sling bullet. The sling bullet hits Crazy Yiuf.
Crazy Yiuf is moderately wounded.
You feel sick. Crazy Yiuf closely misses you.
Crazy Yiuf attacks as you move away!
Crazy Yiuf hits you with a +3 quarterstaff of chaos!
You die...
Your body rises from the dead as a mindless zombie.

...........[...#.#.............#
#####..................#########
############.#[#.#.# #..#.#.#[#
####.#.#.# ## ♣♣#####.#.#.#
)..#♣♣ ♣♣.'..##.#.# ##
...'.♣♣♣♣......#.#.# ##.####
...#♣..♣..♣..g@...# ..#.... ##
♣♣♣.♣.P'.###.#.# ..~....
♣♣♣♣♣##....##.. .#~.~... #####
... #..~.~~~ ## #...~.≈≈
#....≈._ #...~.≈≈ .#..~.~~~
#.#~.)...


You could see Crazy Yiuf.

Vanquished Creatures
  6 ball pythons (D:1)
  4 endoplasms
  4 giant cockroaches (D:1)
  8 goblins
  6 hobgoblins (D:1)
  3 jackals (D:2)
  3 kobolds
  2 quokkas (D:1)
  3 bats
  3 frilled lizards
  4 rats (D:1)
46 creatures vanquished.

Vanquished Creatures (collateral kills)
  An endoplasm zombie (D:2)
1 creature vanquished.

Vanquished Creatures (others)
  A jackal zombie (D:2)
  4 fungi (D:2)
5 creatures vanquished.

Grand Total: 52 creatures vanquished

Notes
Turn   | Place    | Note
-------+----------+-------------------------------------------
     0 | D:1      | GreenGift the Kobold Arcane Marksman began the quest for
                  | the Orb.
     0 | D:1      | Reached XP level 1. HP: 12/12 MP: 2/2
   388 | D:1      | Reached XP level 2. HP: 15/16 MP: 1/3
   572 | D:1      | Reached skill level 1 in Stealth
   803 | D:1      | Reached XP level 3. HP: 20/20 MP: 5/5
  2376 | D:2      | Found a faded altar of an unknown god.
  2417 | D:2      | Reached XP level 4. HP: 22/26 MP: 6/6
  2426 | D:2      | Learned a level 3 spell: Inner Flame
  2607 | D:2      | Found a basalt altar of Yredelemnul.
  2622 | D:2      | Became a worshipper of Yredelemnul the Dark
  2921 | D:2      | Found a runed translucent door.
  2924 | D:2      | Noticed Crazy Yiuf
  2940 | D:2      | Slain by Crazy Yiuf

Illustrated notes

Levels and vault maps discovered:
D:1:      amcnicky_arrival_single_pillar, layout_basic, serial_park_tiny_1,
          columned_hall_lemuel, st_stairs_11, corexii_item_surrounded_by_moat
D:2:      layout_loops_ring, shapermc_ecumenical_altar_starsandcircs,
          basic_altar, uniq_crazy_yiuf_cottage

Skill      XL: |  1  2 |
---------------+-------+-----
Ranged Weapons | 3 |  3.3
Stealth        | 1 |  1.7
Fighting       | |  1.9
Dodging        | |  2.9
Spellcasting   | |  1.8
Hexes          | |  3.3

Action                   |  1- 3 |  4- 6 || total
-------------------------+-------+-------++-------
Melee: Dagger            |       |   101 ||   101
       Punch             |       |     3 ||     3
       Sling             |       |     2 ||     2
 Fire: Sling             |   128 |    15 ||   143
 Cast: Slow              |     8 |     1 ||     9
Invok: Recall Undead Har |       |     1 ||     1
  Use: Scroll            |     3 |     2 ||     5
Armor: Robe              |     5 |       ||     5
       Leather armour    |    23 |     5 ||    28
Dodge: Dodged            |   117 |    15 ||   132

Table legend: (Time is in decaauts)
 A = Elapsed time spent in this place.
 B = Non-inter-level travel time spent in this place.
 C = Inter-level travel time spent in this place.
 D = Time resting spent in this place.
 E = Time spent auto-exploring this place.
 F = Levels seen in this place.
 G = Mean time per level.
                   A        B        C        D        E       F      G
               +--------+--------+--------+--------+--------+-----+--------+
         Total |   2989 |   2989 |      0 |   1440 |     43 |   2 | 1494.5 |
       Dungeon |   2989 |   2989 |      0 |   1440 |     43 |   2 | 1494.5 |
               +--------+--------+--------+--------+--------+-----+--------+

Top non-repeatable levels by time:
     D:1: 2321 daAuts
     D:2: 668 daAuts
